 Dungeon Crawl Stone Soup version 0.22.1-2-g9c5b331 (webtiles) character file.

146 Fang the Skirmisher (level 5, -12/51 HPs)
             Began as a Gargoyle Berserker on Nov 13, 2018.
             Was a Believer of Trog.
             Mangled by an orc warrior
             ... wielding a +0 war axe
              (13 damage)
             ... on level 3 of the Dungeon.
             The game lasted 00:02:44 (2368 turns).

Fang the Skirmisher (Gargoyle Berserker)            Turns: 2368, Time: 00:02:44

Health: -12/51     AC: 13    Str: 27    XL:     5   Next: 28%
Magic:  5/5        EV:  9    Int:  7    God:    Trog [**....]
Gold:   107        SH:  0    Dex:  9    Spells: 4/4 levels left

rFire    . . .     SeeInvis .   a - +0 hand axe
rCold    . . .     Gourm    .   (no shield)
rNeg     + . .     Faith    .   g - +0 chain mail
rPois    ∞         Spirit   .   (no helmet)
rElec    +         Reflect  .   (no cloak)
rCorr    .         Harm     .   (no gloves)
MR       .....                  (no boots)
Stlth    ..........             (no amulet)
HPRegen  0.17/turn              (no ring)
MPRegen  0.09/turn              (no ring)

@: berserking (expiring), very quick
A: negative energy resistance 1, electricity resistance, unbreathing,
petrification resistance, rot immunity, AC +4
a: Berserk, Trog's Hand, Renounce Religion


You were on level 3 of the Dungeon.
You worshipped Trog.
Trog was pleased with you.
You were very hungry.

You visited 1 branch of the dungeon, and saw 3 of its levels.

You collected 107 gold pieces.

Inventory:

Hand Weapons
 a - a +0 hand axe (weapon)
Armour
 g - a +0 chain mail (worn)
Scrolls
 f - 3 scrolls of remove curse {unknown}
 i - 3 scrolls of identify {unknown}
Potions
 b - a potion of degeneration {unknown}
 d - a potion of haste {unknown}
 e - a potion of heal wounds {unknown}
Comestibles
 c - 4 rations


   Skills:
 + Level 4.3 Fighting
 + Level 4.2 Axes
 + Level 2.8 Armour
 + Level 1.9 Dodging
 + Level 0.6 Stealth


You had 4 spell levels left.
You didn't know any spells.
Your spell library was empty.

Dungeon Overview and Level Annotations

Branches:
Dungeon (3/15)

Altars:
Okawaru
Qazlal
The Shining One


Innate Abilities, Weirdness & Mutations

You are resistant to torment.
Your stone body is resilient. (AC +4)
You are immune to poison.
You resist negative energy. (rN+)
You are resistant to electric shocks. (rElec)
You can survive without breathing.
You are immune to petrification.
You are immune to rotting.


Message History

You closely miss the orc warrior.
The orc warrior is almost dead.
You hit the orc wizard.
You kill the orc wizard!
Trog accepts your kill.
Trog appreciates your killing of a magic user.
Your Axes skill increases to level 4!
Unknown command.
You barely miss the orc warrior.
The orc warrior is almost dead.
You hit the orc but do no damage. The orc warrior closely misses you.
You closely miss the orc warrior.
The orc warrior is almost dead.
You hit the orc. The orc hits you but does no damage.
Unknown command.
Your chain mail prevents you from hitting the orc warrior.
The orc warrior is almost dead.
You closely miss the orc.
The orc warrior hits you with a war axe!
You die...

.........# .#. ........#
.... .......# #..#
#......# #..# #......
#..# ####...o. #..#
......oo#
#..#############@##
#.................#
#..#############..#
...###............#####
#..##..≈≈...###.........
..>....≈⌠...# #.#.##....
#.###..))≈.## #.#.# ...
#.###.)).).# #.#.# ..
...........# #.#.# .


You could see an orc warrior and 2 orcs.

Vanquished Creatures
  An orc wizard (D:3)
  An orc priest (D:3)
  2 adders (D:2)
  A gnoll (D:1)
  A worm (D:2)
  A dart slug (D:1)
  3 leopard geckos
  2 orcs (D:3)
  6 bats
  2 giant cockroaches (D:1)
  5 hobgoblins
  10 kobolds
  3 frilled lizards
  6 goblins
  8 rats
52 creatures vanquished.

Notes
Turn   | Place    | Note
-------+----------+-------------------------------------------
     0 | D:1      | Fang the Gargoyle Berserker began the quest for the Orb.
     0 | D:1      | Reached XP level 1. HP: 14/14 MP: 1/1
   159 | D:1      | Reached XP level 2. HP: 5/20 MP: 2/2
   573 | D:1      | Reached XP level 3. HP: 21/24 MP: 3/3
  1574 | D:2      | Reached ** piety under Trog
  1647 | D:2      | Reached XP level 4. HP: 29/29 MP: 4/4
  1937 | D:2      | Found a stormy altar of Qazlal.
  1939 | D:2      | Noticed a fire elemental
  1939 | D:2      | Noticed an air elemental
  1940 | D:2      | Noticed an earth elemental
  1940 | D:2      | Noticed a water elemental
  2008 | D:2      | Found an iron altar of Okawaru.
  2009 | D:2      | Found a glowing golden altar of the Shining One.
  2164 | D:3      | Reached XP level 5. HP: 28/34 MP: 5/5
  2352 | D:3      | Noticed an orc warrior
  2362 | D:3      | HP: 1/51 [orc warrior/war axe (9)]
  2368 | D:3      | Mangled by an orc warrior

Skill      XL: |  1  2  3  4  5 |
---------------+----------------+-----
Fighting       | 4 |  4.3
Axes           | 3 4 |  4.2
Armour         | |  2.8
Dodging        | |  1.9
Stealth        | |  0.6

Action                   |  1- 3 |  4- 6 || total
-------------------------+-------+-------++-------
Melee: Hand axe          |   118 |    67 ||   185
Invok: Berserk           |     1 |     2 ||     3
 Stab: Sleeping          |     1 |       ||     1
  Eat: Chunk             |     3 |     3 ||     6
Armor: Animal skin       |    23 |       ||    23
       Chain mail        |    26 |    48 ||    74
Dodge: Dodged            |    74 |    24 ||    98
